 Dungeon Crawl Stone Soup version 0.31-a0-1300-gb6740aa4e6 (webtiles) character file.

Game seed: 15091282967562302740

7185 bmb222 the Grappler (level 10, -20/71 HPs)
             Began as a Demonspawn Shapeshifter on Dec 18, 2023.
             Was an Elder of Jiyva.
             Demolished by a two-headed ogre
             ... wielding a +0 giant club
              (29 damage)
             ... on level 10 of the Dungeon.
             The game lasted 00:10:45 (8086 turns).

bmb222 the Grappler (Demonspawn Shapeshifter)       Turns: 8086, Time: 00:10:46

Health: -20/71     AC:  9    Str: 17    XL:     10   Next: 87%
Magic:  10/10      EV: 12    Int: 19    God:    Jiyva [****..]
Gold:   366        SH:  4    Dex: 10    Spells: 9/9 levels left

rFire   . .          .
                       - Unarmed
rCold   + . .        (no shield)
rNeg    . . .        o - +1 ring mail of Zonargh {rC+}
rPois   .            (helmet currently unavailable)
rElec   .            (cloak currently unavailable)
rCorr   +            (gloves currently unavailable)
SInv    .            (boots currently unavailable)
Will    .....        (no amulet)
Stlth   +            k - ring of flight
HPRegen 1.59/turn    (no ring)
MPRegen 0.76/turn

%: no passive effects
@: beast-form, flying
A: beast (slay +3), molten scales 2, powered by death 1, condensation shield,
demonic touch 1, fangs 1, clever 2, mutation resistance 1, shaggy fur 1,
pseudopods 3
a: Begin Untransformation, Renounce Religion, Oozemancy, Slimify


You were on level 10 of the Dungeon.
You worshipped Jiyva.
Jiyva was greatly pleased with you.
You were a hulking beast.
You visited 1 branch of the dungeon, and saw 10 of its levels.
You also visited: Sewer and Ossuary.

You collected 366 gold pieces.

Inventory:

Hand Weapons
 s - the +1 hand axe of Laceration {speed, rElec}
   (You found it on level 7 of the Dungeon)

   rElec:     It insulates you from electricity.
 t - a +4 trident of draining
 w - a +2 dagger of draining
 E - a +0 flail of protection
Armour
 a - a +0 animal skin
 l - a +0 scale mail
 o - the +1 ring mail of Zonargh (worn) {rC+}
   (You found it on level 5 of the Dungeon)

   rC+:       It protects you from cold.
 u - an orb of guile
 v - a +1 robe of willpower
Jewellery
 k - a ring of flight (left hand)
Talismans
 c - a beast talisman
 d - a flux talisman
Wands
 q - a wand of acid (7)
Scrolls
 e - 2 scrolls of immolation
 f - a scroll of silence
 g - a scroll of revelation
 h - a scroll of identify
 i - 2 scrolls of blinking
 j - a scroll of fog
 r - a scroll of enchant armour
 x - a scroll of teleportation
 y - a scroll of poison
Potions
 b - 2 potions of invisibility
 m - a potion of mutation
 n - 3 potions of might {unknown}
 p - a potion of experience {unknown}
 z - a potion of berserk rage {unknown}
 A - 2 potions of attraction {unknown}
 B - a potion of heal wounds {unknown}
 C - 2 potions of brilliance {unknown}
 D - a potion of degeneration {unknown}


   Skills:
 + Level 4.0 Fighting
 * Level 7.9 Armour
 + Level 5.0 Dodging
 - Level 0.8 Stealth
 + Level 2.8 Shields
 + Level 9.7 Unarmed Combat
 + Level 0.5 Evocations
 * Level 6.3 Shapeshifting


You had 9 spell levels left.
You didn't know any spells.
Your spell library contained the following spells:

 Spells                   Type           Power      Damage    Failure   Level
 Kiss of Death            Conj/Necr      0%         2d5       34%         1
 Magic Dart               Conj           0%         1d3       34%         1
 Call Imp                 Summ           0%         N/A       45%         2
 Confusing Touch          Hex            0%         N/A       71%         3
 Mephitic Cloud           Conj/Pois/Air  0%         N/A       71%         3
 Volatile Blastmotes      Fire/Tloc      0%         2d10      71%         3
 Dispel Undead            Necr           0%         3d6       98%         4
 Fulminant Prism          Conj/Hex       0%         3d5       98%         4
 Iskenderun's Mystic Bla  Conj/Tloc      0%         2d3       98%         4


Dungeon Overview and Level Annotations

Branches:
Dungeon (10/15)            Temple (0/1) D:7           Sewer (visited)
Ossuary (visited)
   Lair: D:8-11         Orc: D:9-12

Altars:
Fedhas
Hepliaklqana
Kikubaaqudgha
Makhleb
Ru
Sif Muna
Wu Jian
Yredelemnul
Jiyva

Shops:
D:5 *

Annotations:
D:4 1 runed translucent door, Crazy Yiuf
D:8 1 runed translucent door


Innate Abilities, Weirdness & Mutations

You are a hulking beast.
Your limbs bulge with bestial killing power. (Slay +3)
You are mostly covered in molten scales. (AC +3)
You regenerate a little health from kills.
A meltable shield of frost defends you. (SH +4)
Your touch may inflict minor irresistible damage on your foes.
You have very sharp teeth.
Your mind is very acute. (Int +8, Str/Dex -2)
You are somewhat resistant to further mutation.
You are covered in fur. (AC +1)
Armour fits poorly on your massive pseudopods.


Message History

You start resting.
A centaur is nearby!
You hear a slurping noise.
The centaur shouts!
You hear a shout!
The centaur shoots an arrow.
You block the arrow.
A two-headed ogre comes into view.
It is wielding a +0 giant club and a +0 giant spiked club.
The two-headed ogre shouts in stereo!
The centaur unwields a +0 shortbow.
The centaur hits you but does no damage.
The centaur closely misses you.
An electric eel comes into view.
There is a stone staircase leading down here.
You hit the centaur. You bludgeon the centaur.
The centaur is heavily wounded.
The centaur closely misses you. x2
The electric eel shoots out a bolt of lightning at you!
The bolt of electricity misses you. The centaur hits you.
The centaur kicks you but does no damage.
You hit the centaur. Your touch misses the centaur. You punch the centaur!
You kill the centaur!
The electric eel shoots out a bolt of lightning at you!
The bolt of electricity misses you.
You hear a distant slurping noise.
You hear a distant slurping noise.
The two-headed ogre hits you but does no damage.
The two-headed ogre hits you with a +0 giant spiked club!!
You hear a distant slurping noise.
An electric eel comes into view.
The electric eel shoots out a bolt of lightning at you!
The bolt of electricity hits the plant!
The plant begins to die.
The bolt of electricity hits you!
There is a stone staircase leading up, spattered with blood here.
The electric eel shoots out a bolt of lightning at you!
The bolt of electricity hits the plant!
The bolt of electricity hits you!
* * * LOW HITPOINT WARNING * * *
The electric eel shoots out a bolt of lightning at you!
The bolt of electricity hits you!
* * * LOW HITPOINT WARNING * * *
The two-headed ogre hits you with a +0 giant club!!
You die...

######.# #......#
#.####.# #
####.#######.# #
#.........>).#
.####.#.##.#####........
.....................#.#
.######..O.#####.#......
#......h........P..#.#
#....#..<.#.#PS~~..# #
####.........~~S.~...
...........~..~~...
###.........♣S
#.........~~
#.........~~
#.........~~


You could see a two-headed ogre and 2 electric eels.

Vanquished Creatures
  A hydra (D:9)
  A two-headed ogre (D:8)
  An ugly thing (D:9)
  Jeremiah (D:7)
  Sigmund (D:2)
  8 yaks
  A wyvern (D:7)
  Grum (D:8)
  An acid dragon (D:9)
  2 water moccasins
  Duvessa (D:4)
  Pargi (Sewer)
  An ice beast (D:8)
  3 orc warriors
  A black bear (D:6)
  An ogre (D:6)
  4 wolves (D:8)
  A centaur (D:10)
  A phantom (D:5)
  An elf zombie (Ossuary)
  3 kobold brigands
  A brain worm (Sewer)
  2 bullfrogs
  3 scorpions
  Dowan (D:4)
  5 killer bees (D:9)
  A howler monkey (D:7)
  2 human zombies (Ossuary)
  A hound (D:5)
  2 bullfrog skeletons (D:8)
  7 orc priests
  A sleepcap (D:6)
  An iguana (D:5)
  A scorpion zombie (D:8)
  7 orc wizards
  2 killer bee zombies (D:8)
  5 hound zombies (Ossuary)
  4 mummies (Ossuary)
  A howler monkey skeleton (D:8)
  7 adders
  2 gnolls
  2 white imps
  2 ufetubi (D:6)
  2 adder zombies (Ossuary)
  A worm (D:5)
  A dart slug (D:4)
  28 orcs
  7 ball pythons
  An endoplasm (D:1)
  4 giant cockroaches
  A gnoll zombie (Ossuary)
  4 goblins
  4 hobgoblins
  3 jackals (D:1)
  12 kobolds
  7 quokkas
  3 bats (D:3)
  4 frilled lizards
  A goblin zombie (Ossuary)
  3 rats
182 creatures vanquished.

Vanquished Creatures (others)
  A two-headed ogre (D:10)
  A sky beast (D:6)
  A centaur (D:8)
  2 bullfrogs (D:7)
  Blork the orc (D:4)
  3 hounds
  14 jellies
  2 orc priests (D:5)
  Natasha (thrice) (D:4)
  An orc wizard (D:7)
  A scorpion zombie (D:8)
  2 howler monkey skeletons (D:8)
  3 gnolls (D:2)
  3 adders
  5 orcs
  4 endoplasms
  2 goblins (D:2)
  A hobgoblin (D:1)
  3 kobolds
  A quokka (D:4)
  2 ball pythons
  2 rats
58 creatures vanquished.

Grand Total: 240 creatures vanquished

Notes
Turn   | Place    | Note
-------+----------+-------------------------------------------
     0 | D:1      | bmb222 the Demonspawn Shapeshifter began the quest for the
                  | Orb.
     0 | D:1      | Reached XP level 1. HP: 15/15 MP: 1/1
   352 | D:1      | Gained mutation: You regenerate a little health from kills.
                  | [demonic ancestry]
   352 | D:1      | Reached XP level 2. HP: 11/21 MP: 2/2
   586 | D:1      | Found a faded altar of an unknown god.
   596 | D:1      | Reached skill level 3 in Unarmed Combat
   622 | D:1      | Prayed at the altar of an unknown god.
   622 | D:1      | Became a worshipper of Jiyva Jiceweh the Shapeless
   622 | D:1      | Reached * piety under Jiyva
   973 | D:2      | Gained mutation: You are partially covered in molten
                  | scales. (AC +2) [demonic ancestry]
   973 | D:2      | Reached XP level 3. HP: 23/26 MP: 3/3
  1009 | D:2      | Reached ** piety under Jiyva
  1074 | D:2      | Noticed Sigmund
  1107 | D:2      | Killed Sigmund
  1108 | D:2      | Reached skill level 4 in Unarmed Combat
  1108 | D:2      | Reached XP level 4. HP: 30/33 MP: 4/4
  1108 | D:2      | Gained mutation: You are mostly covered in molten scales.
                  | (AC +3) [demonic ancestry]
  1108 | D:2      | Reached XP level 5. HP: 34/38 MP: 5/5
  1864 | D:3      | Reached *** piety under Jiyva
  1989 | D:3      | Gained mutation: You have very sharp teeth. [Jiyva's grace]
  1989 | D:3      | Gained mutation: You have extremely sharp teeth. [Jiyva's
                  | grace]
  1989 | D:3      | Gained mutation: You have razor-sharp teeth. [Jiyva's
                  | grace]
  1989 | D:3      | Gained mutation: You are somewhat resistant to further
                  | mutation. [Jiyva's grace]
  2389 | D:3      | Reached **** piety under Jiyva
  2838 | D:4      | Lost mutation: You have razor-sharp teeth. [potion of
                  | mutation]
  2838 | D:4      | Lost mutation: You have extremely sharp teeth. [potion of
                  | mutation]
  2838 | D:4      | Gained mutation: You are weak. (Str -2) [potion of
                  | mutation]
  2842 | D:4      | Noticed Dowan
  2870 | D:3      | Gained mutation: A meltable shield of frost defends you.
                  | (SH +4) [demonic ancestry]
  2870 | D:3      | Reached XP level 6. HP: 23/44 MP: 6/6
  2921 | D:4      | Killed Dowan
  2922 | D:4      | Reached skill level 1 in Armour
  2958 | D:4      | Noticed Duvessa
  2970 | D:4      | HP: 2/44 [Duvessa/+0 short sword (14)]
  2971 | D:4      | Killed Duvessa
  2972 | D:4      | Reached skill level 5 in Unarmed Combat
  3056 | D:4      | Killed Blork the orc
  3175 | D:4      | Killed Natasha
  3241 | D:4      | Killed Natasha
  3298 | D:4      | Found a runed translucent door.
  3299 | D:4      | Noticed Crazy Yiuf
  3328 | D:4      | Killed Natasha
  3483 | D:5      | Entered Level 5 of the Dungeon
  3485 | D:5      | Noticed a water moccasin
  3495 | D:4      | Killed a water moccasin
  3496 | D:4      | Reached XP level 7. HP: 32/50 MP: 5/7
  3743 | D:5      | Found a glowing drain.
  3748 | Sewer    | Entered a sewer
  3790 | Sewer    | Noticed Pargi
  3815 | Sewer    | Killed Pargi
  4092 | D:5      | Reached XP level 8. HP: 56/57 MP: 8/8
  4435 | D:5      | Found Noasaim's General Store.
  4438 | D:5      | Identified the +1 ring mail of Zonargh {rC+}
  4591 | D:6      | Reached skill level 1 in Shields
  4591 | D:6      | Reached skill level 6 in Unarmed Combat
  4685 | D:6      | Found a burning altar of Makhleb.
  4696 | D:6      | Lost mutation: You are weak. (Str -2) [Jiyva's grace]
  4696 | D:6      | Gained mutation: Your mind is acute. (Int +4, Str/Dex -1)
                  | [Jiyva's grace]
  4696 | D:6      | Gained mutation: Your mind is very acute. (Int +8, Str/Dex
                  | -2) [Jiyva's grace]
  4696 | D:6      | Gained mutation: You are agile. (Dex +4, Str/Int -1)
                  | [Jiyva's grace]
  4696 | D:6      | Gained mutation: You are very agile. (Dex +8, Str/Int -2)
                  | [Jiyva's grace]
  5589 | D:7      | Identified the +1 hand axe of Laceration {speed, rElec}
  5633 | D:7      | Found a staircase to the Ecumenical Temple.
  5634 | D:7      | Reached ***** piety under Jiyva
  5652 | D:7      | Noticed Jeremiah
  5674 | D:6      | Reached skill level 5 in Armour
  5691 | D:7      | Killed Jeremiah
  5698 | D:7      | Gained mutation: Your touch may inflict minor irresistible
                  | damage on your foes. [demonic ancestry]
  5698 | D:7      | Reached XP level 9. HP: 57/62 MP: 9/9
  5721 | D:7      | Reached skill level 7 in Unarmed Combat
  6146 | D:7      | Found a shimmering blue altar of Sif Muna.
  6339 | D:8      | Noticed Grum
  6353 | D:8      | Killed Grum
  6394 | D:8      | Found an ancient bone altar of Kikubaaqudgha.
  6413 | D:8      | Found a hazy altar of Hepliaklqana.
  6416 | D:8      | Found an ornate altar of the Wu Jian Council.
  6495 | D:8      | Reached skill level 5 in Shapeshifting
  6564 | D:8      | Reached skill level 8 in Unarmed Combat
  6613 | D:8      | Noticed a two-headed ogre
  6621 | D:8      | Killed a two-headed ogre
  6622 | D:8      | Reached XP level 10. HP: 70/71 MP: 10/10
  6624 | D:8      | Noticed a sixfirhy
  6625 | D:8      | Found a runed translucent door.
  6681 | D:8      | Found a sand-covered staircase.
  6702 | Ossuary  | Entered an ossuary
  7169 | D:9      | Lost mutation: You are very agile. (Dex +8, Str/Int -2)
                  | [Jiyva's grace]
  7169 | D:9      | Lost mutation: You are agile. (Dex +4, Str/Int -1) [Jiyva's
                  | grace]
  7169 | D:9      | Gained mutation: Armour fits poorly on your pseudopods.
                  | [Jiyva's grace]
  7169 | D:9      | Gained mutation: Armour fits poorly on your large
                  | pseudopods. [Jiyva's grace]
  7169 | D:9      | Gained mutation: Armour fits poorly on your massive
                  | pseudopods. [Jiyva's grace]
  7169 | D:9      | Gained mutation: You are covered in fur. (AC +1) [Jiyva's
                  | grace]
  7313 | D:9      | Found a sacrificial altar of Ru.
  7314 | D:9      | Found a basalt altar of Yredelemnul.
  7352 | D:9      | Found a blossoming altar of Fedhas.
  7427 | D:9      | Noticed a five-headed hydra
  7434 | D:9      | Killed a five-headed hydra
  7435 | D:9      | Reached skill level 9 in Unarmed Combat
  7530 | D:9      | Noticed a cyan ugly thing
  7539 | D:9      | Killed a cyan ugly thing
  7965 | D:10     | Entered Level 10 of the Dungeon
  8033 | D:10     | Noticed a two-headed ogre
  8049 | D:10     | Killed a two-headed ogre
  8050 | D:10     | Reached skill level 5 in Dodging
  8071 | D:10     | Noticed a two-headed ogre
  8086 | D:10     | Demolished by a two-headed ogre

Illustrated notes

Levels and vault maps discovered:
D:1:      lightli_arrival_noodles, layout_loops_corners,
          hellmonk_ecumenical_altar_crossroads
D:2:      layout_loops_ring, uniq_sigmund
D:3:      layout_basic, nicolae_hexahallways
D:4:      layout_basic, uniq_natasha, uniq_crazy_yiuf_cottage,
          uniq_blork_the_orc, uniq_duvessa
D:5:      layout_cave_pools, gup_sewer_entry_spiral, serial_shops,
          nicolae_shop_tiny_real_fake_doors, hex_medium
D:6:      layout_basic, old_standard_altar, serial_corexii_hall,
          corexii_hall_statues_u, corexii_hall_statues_i,
          minmay_misc_feat_secret_circle, chequers_jeans
D:7:      layout_basic, tgw_sif, minmay_temple_entry_enclosed_plants,
          minmay_misc_feat_room, uniq_jeremiah
D:8:      cheibrodos_shockbox, layout_basic, minmay_overflow_temple_star_hex,
          mainiacjoe_ossuary_entry_find_the_door, uniq_grum
D:9:      layout_loops_ring, mainiacjoe_overflow_brackets,
          gammafunk_temple_overflow_pools, wad_mini_maze
D:10:     layout_basic, serial_bayou, serial_bayou_shore_a, serial_bayou_pond_b,
          serial_bayou_ford_a, serial_bayou_pond_e, uniq_urug, uniq_erica

Skill      XL: |  1  2  3  4  5  6  7  8  9 10 |
---------------+-------------------------------+-----
Dodging        | 2 3 4 5 |  5.0
Unarmed Combat | 3 4 5 6 8 9 |  9.7
Shapeshifting  | 3 4 5 6 |  6.3
Fighting       | 2 3 4 |  4.0
Armour         | 3 4 5 7 |  7.9
Shields        | 1 2 |  2.8
Stealth        | |  0.8
Evocations     | |  0.5

Action                     |  1- 3 |  4- 6 |  7- 9 | 10-12 || total
---------------------------+-------+-------+-------+-------++-------
  Melee: Unarmed           |    80 |   128 |   325 |   154 ||   687
         Punch             |     2 |     2 |    10 |    19 ||    33
         Bite              |       |     7 |    35 |    35 ||    77
         Touch             |       |       |    20 |    31 ||    51
         Pseudopods        |       |       |       |    12 ||    12
 Invoke: Oozemancy         |       |     2 |     5 |     1 ||     8
  Evoke: Wand              |       |       |     3 |     2 ||     5
    Use: Potion            |     1 |     1 |     3 |       ||     5
         Scroll            |       |       |     2 |     7 ||     9
 Armour: Animal skin       |    37 |    15 |       |       ||    52
         Skin              |     2 |       |    63 |       ||    65
         Scale mail        |       |    70 |   107 |       ||   177
         Ring mail         |       |       |   114 |   170 ||   284
  Dodge: Dodged            |    50 |    67 |   137 |   185 ||   439
  Block: Other             |       |     6 |    48 |    40 ||    94

Table legend: (Time is in decaauts)
 A = Elapsed time spent in this place.
 B = Non-inter-level travel time spent in this place.
 C = Inter-level travel time spent in this place.
 D = Time resting spent in this place.
 E = Time spent auto-exploring this place.
 F = Levels seen in this place.
 G = Mean time per level.
                   A        B        C        D        E       F      G
               +--------+--------+--------+--------+--------+-----+--------+
         Total |   8076 |   7667 |    409 |    558 |   5657 |  12 |  673.0 |
       Dungeon |   7606 |   7197 |    409 |    427 |   5513 |  10 |  760.6 |
         Sewer |    282 |    282 |      0 |    131 |     44 |   1 |  282.0 |
       Ossuary |    187 |    187 |      0 |      0 |    100 |   1 |  187.0 |
               +--------+--------+--------+--------+--------+-----+--------+

Top non-repeatable levels by time:
     D:3: 1094 daAuts
     D:6: 995 daAuts
     D:9: 995 daAuts
     D:1: 959 daAuts
     D:5: 817 daAuts
     D:7: 779 daAuts
     D:2: 775 daAuts
     D:4: 658 daAuts
     D:8: 472 daAuts
   Sewer: 282 daAuts
 Ossuary: 187 daAuts
    D:10: 57 daAuts
